Map: Pillars of Gold LE

Players

Solar - Winner!

  • Race: Zerg Zerg
  • League: Grandmaster
  • Spawn Location: 7:00

DPGCure (Cure)

  • Race: Terran Terran
  • League: Master
  • Spawn Location: 1:00

Event: TSL 6

VOD

Have the link to the VOD?

Description

Time

  • Played on: Dec. 13, 2020, 11:50 a.m.
  • Length: 22:13

All games in this series

Show
View Real Time Build Order
Export as new Build Order

Solar Zerg - Winner!

Build Orders: Hatch First, Muta Ling Bane 

Get SALT Encoding   

  12  0:00  Drone  
  13  0:12  Overlord  
  13  0:17  Drone  
  14  0:31  Drone x2  
  16  0:49  Hatchery  
  15  0:52  Drone  
  15  0:56  Drone  
  17  0:58  Drone  
  18  1:09  Extractor  
  17  1:15  Spawning Pool  
  17  1:18  Drone  
  17  1:21  Drone  
  18  1:28  Drone  
  19  1:39  Drone  
  20  1:51  Drone  
  21  2:02  Queen x2  
  21  2:03  Zergling x4  
  27  2:13  Overlord  
  27  2:17  Drone  
  28  2:26  Hatchery  
  28  2:28  Drone  
  28  2:33  Drone  
  28  2:34  Drone  
  29  2:41  Queen  
  31  2:52  Spore Crawler  
  31  2:53  Drone  
  31  2:54  Metabolic Boost  
  31  2:55  Overlord  
  32  3:00  Drone  
  32  3:01  Drone  
  32  3:04  Drone  
  32  3:05  Drone  
  36  3:15  Drone x3  
  36  3:16  Drone  
  36  3:18  Drone  
  36  3:19  Drone  
  42  3:24  Queen  
  44  3:29  Overlord  
  44  3:32  Overlord  
  44  3:38  Queen  
  44  3:41  Drone  
  47  3:46  Zergling x2  
  47  3:47  Zergling x2  
  48  3:51  Zergling x4  
  48  3:53  Drone x2  
  52  3:59  Drone x2  
  52  4:00  Spore Crawler  
  52  4:02  Drone x2  
  53  4:06  Drone  
  53  4:08  Drone  
  53  4:09  Drone  
  56  4:11  Drone  
  57  4:17  Queen  
  57  4:20  Overlord  
  59  4:24  Lair  
  59  4:27  Drone x2  
  59  4:28  Drone  
  62  4:34  Baneling Nest, Drone x2  
  62  4:37  Spore Crawler  
  62  4:41  Spore Crawler x2  
  62  4:44  Drone  
  61  4:46  Extractor x2, Drone  
  61  4:47  Drone  
  61  4:49  Drone  
  61  4:51  Drone  
  61  4:52  Drone  
  64  4:55  Overlord  
  64  4:57  Drone x2  
  64  4:58  Zergling x2  
  67  5:00  Zergling x2  
  67  5:03  Queen  
  70  5:07  Drone x2  
  70  5:08  Drone  
  70  5:11  Overlord  
  70  5:12  Drone  
  74  5:14  Drone  
  74  5:15  Extractor  
  74  5:17  Extractor  
  74  5:19  Drone x3  
  76  5:21  Overseer  
  76  5:24  Baneling  
  76  5:25  Drone x2, Baneling x2  
  76  5:27  Drone  
  78  5:29  Overlord  
  78  5:32  Drone x2  
  78  5:33  Drone  
  81  5:39  Spire  
  81  5:41  Baneling  
  80  5:46  Zergling x8  
  80  5:47  Baneling x2  
  84  5:50  Baneling x2  
  84  5:51  Overlord  
  84  5:52  Drone  
  84  5:53  Drone  
  84  5:55  Drone  
  84  5:56  Extractor  
  86  5:57  Overlord  
  86  5:59  Overlord  
  86  6:05  Drone  
  86  6:06  Zergling x8  
  86  6:07  Zergling x2  
  86  6:10  Drone x2  
  83  6:13  Drone x2  
  83  6:16  Drone x2  
  83  6:18  Drone  
  83  6:22  Drone x2  
  83  6:24  Drone x2  
  85  6:27  Drone x2  
  85  6:28  Drone  
  88  6:36  Overlord  
  88  6:38  Evolution Chamber  
  87  6:41  Evolution Chamber  
  87  6:42  Drone  
  87  6:43  Drone  
  88  6:52  Mutalisk x6  
  100  6:55  Mutalisk  
  100  6:59  Mutalisk  
  103  7:04  Mutalisk x2  
  102  7:10  Mutalisk  
  102  7:12  Drone  
  102  7:15  Drone x2  
  105  7:16  Drone  
  105  7:20  Drone  
  102  7:23  Drone x3  
  102  7:25  Drone  
  102  7:26  Drone  
  102  7:28  Drone  
  108  7:33  Drone x2  
  108  7:35  Drone  
  110  7:38  Centrifical Hooks  
  110  7:40  Drone  
  110  7:41  Drone x2  
  110  7:43  Drone  
  114  7:45  Drone x2  
  114  7:46  Drone  
  117  7:51  Drone  
  117  7:54  Drone  
  117  7:58  Zerg Ground Armor Level 1, Zerg Flyer Weapons Level 1, Zerg Melee Weapons Level 1  
  119  8:07  Overlord  
  119  8:10  Mutalisk  
  119  8:11  Overlord  
  119  8:12  Hatchery  
  120  8:15  Baneling x6  
  120  8:16  Baneling x3  
  120  8:17  Zergling x4  
  120  8:18  Overlord  
  122  8:21  Overlord  
  122  8:23  Overlord  
  122  8:25  Overlord  
  122  8:28  Zergling x6  
  122  8:31  Drone  
  122  8:33  Mutalisk  
  122  8:34  Mutalisk  
  126  8:38  Drone x3  
  133  8:42  Mutalisk x2  
  137  8:48  Zergling x2  
  137  8:49  Zergling x10  
  137  8:50  Overseer  
  137  8:52  Pneumatized Carapace  
  143  8:56  Drone x2  
  143  8:58  Drone x3  
  148  9:03  Zergling x4  
  148  9:05  Baneling  
  148  9:06  Overlord, Baneling x2  
  148  9:07  Zergling x4  
  148  9:08  Zergling x2  
  153  9:16  Zergling x2  
  154  9:18  Overlord x2  
  154  9:19  Overlord  
  154  9:21  Overlord  
  154  9:22  Overlord  
  154  9:24  Extractor  
  154  9:25  Queen  
  154  9:27  Baneling x3  
  155  9:36  Baneling  
  155  9:37  Zergling x8, Baneling  
  159  9:40  Drone  
  159  9:42  Hatchery  
  159  9:45  Zergling x8  
  163  9:50  Zergling x10  
  163  9:52  Zergling x6  
  171  9:54  Overlord  
  171  9:55  Zerg Melee Weapons Level 2  
  171  9:59  Zerg Ground Armor Level 2  
  169  10:06  Mutalisk  
  169  10:09  Infestation Pit  
  169  10:10  Mutalisk  
  169  10:11  Hatchery  
  171  10:16  Mutalisk x3  
  171  10:20  Overlord  
  177  10:21  Baneling x3  
  177  10:22  Baneling  
  177  10:23  Zergling x2  
  177  10:24  Zergling x10  
  177  10:26  Overlord  
  170  10:32  Zergling x14  
  170  10:34  Zergling x4  
  163  10:36  Zergling x4  
  163  10:39  Zergling x6  
  163  10:42  Zergling x6  
  171  10:46  Zergling x4  
  173  10:52  Hatchery  
  173  10:54  Drone x4  
  176  10:58  Hive  
  176  11:01  Zerg Flyer Weapons Level 2  
  176  11:03  Overseer  
  176  11:05  Baneling x7  
  176  11:06  Baneling x2  
  176  11:09  Zergling x6  
  179  11:11  Baneling  
  179  11:12  Baneling x5  
  179  11:13  Overseer  
  179  11:14  Baneling  
  179  11:15  Baneling x4  
  179  11:18  Zergling x6  
  182  11:21  Zergling x6  
  183  11:27  Zergling x2  
  183  11:28  Zergling x12  
  183  11:32  Zergling x10  
  193  11:33  Zergling x2  
  193  11:38  Zergling x4  
  193  11:39  Zergling x8  
  196  11:44  Baneling  
  196  11:45  Baneling x6  
  196  11:48  Zergling x8  
  186  11:54  Mutalisk x2  
  186  11:55  Mutalisk x2  
  186  12:00  Drone x3  
  196  12:04  Zergling x10  
  198  12:09  Drone  
  198  12:10  Drone x2  
  198  12:11  Drone  
  198  12:13  Mutalisk x2  
  199  12:18  Zerg Melee Weapons Level 3  
  199  12:19  Extractor  
  199  12:20  Drone  
  199  12:21  Baneling x2  
  199  12:22  Baneling  
  199  12:29  Adrenal Glands  
  199  12:30  Ultralisk Cavern  
  199  12:33  Baneling x6  
  199  12:34  Baneling x4  
  199  12:36  Zergling x2  
  199  12:37  Zergling x8  
  199  12:38  Baneling  
  199  12:39  Baneling  
  197  12:45  Zergling x8  
  197  12:49  Zergling x4  
  175  12:51  Zergling x2  
  175  12:52  Zergling x20  
  175  12:53  Baneling  
  175  12:54  Baneling x4  
  175  12:55  Zergling x2  
  175  12:56  Zergling x2  
  175  12:58  Zergling x6  
  187  13:01  Zergling x6  
  187  13:03  Zergling x2  
  187  13:04  Zergling x4  
  186  13:06  Zergling x4  
  186  13:11  Zergling x6  
  186  13:16  Zergling x8  
  186  13:17  Chitinous Plating  
  188  13:26  Zergling x2, Ultralisk  
  187  13:29  Zergling x4  
  187  13:31  Baneling x4  
  187  13:34  Zergling x2  
  175  13:35  Zergling x2  
  175  13:36  Zergling x4  
  175  13:37  Baneling x3  
  172  13:46  Ultralisk  
  172  13:47  Zergling x6  
  157  13:49  Zergling x4  
  157  13:54  Zergling x12  
  157  13:55  Baneling Nest  
  142  13:58  Zergling x2, Ultralisk  
  142  14:00  Zergling x2  
  145  14:03  Zergling x2  
  145  14:10  Zergling x6  
  145  14:15  Zergling x2  
  143  14:20  Zergling x6  
  141  14:26  Hatchery  
  141  14:28  Zergling x2, Ultralisk  
  136  14:38  Zergling x6  
  129  14:46  Zergling x8  
  130  14:53  Baneling  
  130  14:54  Baneling x16  
  130  14:55  Anabolic Synthesis  
  130  14:57  Zergling x8  
  134  15:00  Baneling x4  
  134  15:02  Hatchery, Baneling x4  
  134  15:04  Zergling x4  
  135  15:08  Zergling x4  
  135  15:13  Drone  
  138  15:23  Spire  
  138  15:24  Zergling x6  
  138  15:28  Zergling x8, Hatchery  
  144  15:32  Zergling x6  
  146  15:36  Zergling x6  
  146  15:38  Overseer  
  146  15:42  Drone x4  
  153  15:43  Drone  
  153  15:45  Drone  
  156  15:53  Zergling x4  
  156  15:54  Hatchery  
  156  15:56  Drone  
  157  15:58  Overlord  
  156  16:07  Zergling x8  
  156  16:09  Drone  
  156  16:10  Drone  
  162  16:11  Overseer  
  162  16:20  Drone  
  162  16:21  Drone  
  162  16:22  Zergling x14  
  171  16:26  Baneling  
  171  16:28  Zerg Ground Armor Level 3  
  171  16:31  Zergling x2  
  171  16:32  Zergling x8  
  176  16:37  Zergling x2  
  176  16:38  Zergling x8  
  179  16:45  Mutalisk x4  
  174  16:50  Mutalisk x2  
  144  16:58  Mutalisk x2  
  147  17:01  Drone x2  
  147  17:02  Drone  
  147  17:03  Drone  
  147  17:08  Drone x5  
  156  17:09  Drone  
  156  17:11  Mutalisk  
  159  17:16  Baneling  
  159  17:17  Baneling x8  
  159  17:18  Extractor  
  159  17:22  Zergling x10  
  163  17:27  Zergling x12  
  169  17:30  Baneling x3  
  169  17:31  Zergling x2  
  169  17:32  Zergling x4  
  169  17:33  Zergling x2  
  169  17:36  Baneling x7  
  173  17:40  Zergling x10  
  177  17:48  Zergling x8  
  160  17:54  Zergling x4, Ultralisk  
  138  17:58  Zergling x10  
  138  17:59  Zergling x4  
  138  18:02  Mutalisk  
  138  18:05  Zergling x6  
  132  18:08  Overseer  
  132  18:09  Zergling x4  
  130  18:13  Mutalisk  
  130  18:15  Zergling x8  
  130  18:17  Extractor, Baneling x3  
  130  18:18  Zergling x8  
  139  18:20  Baneling x2  
  139  18:23  Baneling x2  
  139  18:27  Zergling x2  
  139  18:28  Zergling x8  
  139  18:32  Zergling x2  
  139  18:33  Zergling x2  
  148  18:37  Baneling  
  148  18:38  Baneling x3  
  148  18:39  Zergling x6  
  148  18:40  Queen  
  153  18:42  Baneling x3  
  153  18:44  Zergling x6  
  153  18:47  Extractor  
  153  18:48  Baneling x4  
  155  18:49  Baneling  
  155  18:50  Corruptor  
  155  18:51  Zergling x2  
  155  18:52  Zergling x4  
  157  18:55  Corruptor  
  157  18:58  Zergling x6  
  157  19:00  Zergling x2  
  163  19:02  Corruptor  
  163  19:04  Hatchery  
  163  19:05  Baneling x4  
  163  19:07  Baneling x2  
  163  19:08  Zergling x6  
  163  19:09  Overlord x2  
  167  19:16  Corruptor  
  167  19:24  Corruptor x2  
  167  19:28  Baneling x4  
  169  19:35  Zergling x8  
  169  19:38  Zergling x22  
  163  19:41  Zergling x2  
  163  19:42  Zergling x8  
  163  19:44  Baneling x7  
  163  19:45  Zergling x2  
  168  19:48  Zergling x6  
  171  19:52  Baneling  
  171  19:53  Baneling x9  
  171  19:56  Corruptor  
  171  19:59  Baneling x2  
  173  20:00  Zergling x4  
  173  20:04  Overlord  
  173  20:06  Baneling x5  
  175  20:09  Zergling x8  
  179  20:16  Baneling x8  
  179  20:17  Zergling x4  
  181  20:23  Zergling x10  
  181  20:26  Baneling x4  
  181  20:28  Zergling x6  
  189  20:32  Zergling x8  
  193  20:36  Baneling  
  193  20:37  Baneling x7  
  193  20:42  Zergling x8  
  197  20:50  Baneling x5  
  195  21:01  Zergling x14  
  200  21:11  Zergling x28  
  185  21:17  Ultralisk  
  185  21:18  Zergling x6  
  187  21:21  Zergling x2  
  187  21:22  Zergling x4  
  187  21:24  Zergling x4  
  171  21:28  Zergling x6  
  171  21:29  Zergling x2  
  171  21:31  Zergling x2  
  173  21:37  Zergling x10  
  173  21:39  Zergling x2, Baneling x2  
Show
View Real Time Build Order
Export as new Build Order

DPGCure Terran 

Build Orders: Reaper Expand, Hellion Banshee 

Get SALT Encoding   

  12  0:00  SCV  
  13  0:12  SCV  
  14  0:17  Supply Depot  
  14  0:24  SCV  
  15  0:39  SCV  
  15  0:40  Barracks  
  16  0:44  Refinery  
  16  0:51  SCV  
  17  1:03  SCV  
  18  1:15  SCV  
  19  1:26  Reaper  
  19  1:27  Orbital Command  
  20  1:41  Command Center  
  20  1:50  Supply Depot  
  20  1:53  SCV  
  21  1:58  Marine  
  22  2:05  SCV  
  23  2:13  Factory  
  23  2:17  SCV  
  23  2:21  Barracks Reactor  
  24  2:29  SCV  
  25  2:41  SCV  
  25  2:42  Command Center  
  26  2:53  Orbital Command  
  26  2:54  SCV  
  27  2:59  Starport  
  27  3:06  SCV  
  27  3:11  Hellion x2  
  32  3:16  Refinery  
  32  3:19  SCV x2  
  34  3:21  Barracks Tech Lab  
  34  3:31  SCV x2  
  36  3:37  Hellion x2  
  40  3:43  SCV x2  
  40  3:46  Banshee  
  40  3:47  Marine  
  46  3:54  Orbital Command  
  46  4:04  SCV x2  
  46  4:08  Barracks Reactor, Hellion x2  
  46  4:09  Cloaking Field  
  47  4:10  Barracks Tech Lab  
  47  4:16  Supply Depot, SCV x2  
  49  4:20  SCV  
  50  4:28  Supply Depot  
  50  4:30  Marine  
  50  4:31  Banshee, SCV x2  
  54  4:32  SCV  
  54  4:36  Hellion x2  
  61  4:41  Supply Depot  
  61  4:43  SCV x2  
  61  4:44  SCV  
  64  4:48  Armory  
  64  4:52  Marine  
  65  4:56  SCV x2  
  65  4:57  Hellion x2, SCV  
  72  5:04  Supply Depot  
  72  5:07  Orbital Command  
  72  5:09  SCV x2  
  72  5:10  Supply Depot  
  72  5:13  Stimpack  
  74  5:15  Barracks x2  
  74  5:17  Marine  
  75  5:21  Hellion  
  75  5:22  Hellion  
  75  5:24  SCV x2  
  75  5:26  Refinery  
  81  5:29  Refinery  
  81  5:37  Marine  
  81  5:40  SCV x3  
  81  5:42  Engineering Bay x2  
  85  5:45  Hellion  
  85  5:47  Hellion  
  85  5:48  Starport Reactor  
  89  5:54  SCV x2  
  89  5:55  SCV  
  92  5:58  Supply Depot, Marine  
  80  6:16  Barracks Reactor x2  
  80  6:17  Hellion x2  
  80  6:18  Terran Infantry Armor Level 1, Terran Infantry Weapons Level 1  
  78  6:20  SCV, Marine  
  78  6:21  SCV x2  
  78  6:22  Barracks x2  
  81  6:28  Refinery  
  81  6:34  SCV x2  
  81  6:35  SCV  
  81  6:36  Supply Depot  
  84  6:40  Marine  
  84  6:41  Hellion x2  
  89  6:49  Missile Turret  
  89  6:50  Missile Turret  
  89  6:51  Missile Turret, SCV x3  
  92  6:55  Combat Shield  
  92  6:59  Factory  
  92  7:08  SCV x3  
  95  7:11  Barracks Reactor x2, Marine x4  
  95  7:12  Medivac, Marine  
  95  7:14  Medivac  
  98  7:24  Missile Turret  
  98  7:25  SCV x2  
  98  7:29  Marine x5  
  98  7:30  Hellion x2  
  98  7:35  Refinery  
  98  7:36  Missile Turret  
  100  7:40  Supply Depot  
  100  7:47  SCV x3, Marine x5  
  106  7:54  Marine x2  
  106  7:55  Marine x2  
  106  7:58  Drilling Claws  
  110  7:59  Widow Mine  
  110  8:00  Missile Turret, Widow Mine  
  110  8:03  Terran Vehicle And Ship Armor Level 1  
  110  8:05  Marine  
  115  8:07  Sensor Tower  
  115  8:08  Supply Depot  
  115  8:10  Medivac  
  115  8:12  Supply Depot  
  117  8:14  Marine x2  
  117  8:15  Marine x4  
  123  8:22  Refinery  
  122  8:29  Thor  
  122  8:31  Widow Mine x2  
  122  8:32  Terran Infantry Armor Level 2, Terran Infantry Weapons Level 2  
  122  8:34  Medivac  
  134  8:40  Medivac  
  136  8:42  Supply Depot  
  136  8:43  Supply Depot  
  136  8:44  Marine x4  
  136  8:45  Marine  
  141  8:55  Command Center  
  141  9:04  Marine x8  
  141  9:05  Medivac, Widow Mine x2, Marine  
  156  9:19  Supply Depot  
  156  9:20  Supply Depot x2  
  156  9:21  Supply Depot  
  156  9:22  Marine x4  
  157  9:37  Barracks  
  157  9:40  Barracks  
  157  9:41  Thor, Marauder, Marine x5  
  170  9:51  Marine x3  
  171  9:59  Widow Mine x2, Marine  
  176  10:03  Marauder  
  178  10:13  Barracks, Marine x4  
  182  10:17  Medivac x2  
  182  10:20  Widow Mine x2  
  188  10:24  Marauder, Widow Mine  
  188  10:26  Marine x4  
  155  10:35  Planetary Fortress  
  155  10:39  Marine x4  
  155  10:42  Barracks Tech Lab x2  
  159  10:45  Marauder  
  159  10:49  Thor, Marine x3  
  164  10:50  Widow Mine x2  
  164  10:53  Missile Turret  
  164  10:54  Sensor Tower  
  164  10:56  Missile Turret  
  164  10:57  Missile Turret  
  174  10:59  Marine x2  
  174  11:00  Marine x2  
  174  11:01  Marauder, Marine x2  
  174  11:02  Concussive Shells  
  174  11:03  Marine  
  181  11:06  Marine  
  181  11:07  Marauder  
  184  11:16  Terran Infantry Weapons Level 3, Terran Infantry Armor Level 3  
  184  11:21  Marine x2  
  184  11:22  Marauder  
  184  11:24  Marauder, Marine x4  
  194  11:28  Marauder  
  188  11:45  Marauder, Marine x2  
  188  11:46  Marauder  
  194  11:49  Missile Turret  
  194  11:50  Missile Turret  
  184  11:57  Marine x4  
  184  11:58  Marauder  
  184  11:59  Terran Vehicle And Ship Armor Level 2  
  184  12:01  Thor, Missile Turret, Widow Mine  
  188  12:05  Marine x2  
  188  12:07  Marauder  
  200  12:15  Marauder, Barracks Tech Lab  
  192  12:19  Marauder, Marine x6  
  198  12:48  Missile Turret  
  198  12:49  Missile Turret, Command Center  
  198  12:51  Missile Turret, Marauder x3, Marine x6  
  177  12:52  Thor  
  177  12:54  Missile Turret  
  187  13:04  Marauder, Marine x2  
  191  13:08  Marine x2  
  191  13:12  Marine x2  
  199  13:13  Marauder x2  
  199  13:15  Marine  
  200  13:26  Marine  
  195  13:27  Marauder, Marine x2  
  195  13:30  Marine x4  
  195  13:31  Marauder  
  195  13:33  Marine x2  
  180  13:34  Marauder  
  179  13:47  Marine x3  
  179  13:48  Marine x4  
  149  13:49  Marauder  
  149  13:51  Marine  
  149  13:52  Marauder, Marine  
  149  13:55  Marine  
  135  14:01  Thor  
  132  14:05  Marine x2  
  132  14:06  Marine  
  126  14:10  Medivac  
  126  14:11  Medivac  
  126  14:15  Marine x5  
  128  14:17  Marine  
  128  14:18  Marine  
  125  14:27  Marine x3  
  104  14:33  Marine  
  104  14:34  Marauder  
  104  14:36  Marauder x2  
  104  14:37  Barracks Tech Lab  
  113  14:40  Medivac  
  113  14:45  Planetary Fortress  
  115  14:49  Missile Turret  
  115  14:50  Marine  
  115  14:52  Barracks Tech Lab  
  115  14:55  Barracks Reactor, Marauder  
  115  14:56  Marauder, Marine  
  115  14:57  Marine  
  120  15:05  Factory Reactor  
  120  15:06  Medivac  
  122  15:09  Barracks Reactor  
  122  15:14  Marine  
  122  15:15  Marauder  
  122  15:16  Marauder  
  122  15:17  Marine  
  122  15:20  Marauder  
  130  15:29  Barracks  
  130  15:30  Barracks  
  130  15:33  Supply Depot x2, Marauder  
  134  15:36  Marauder, Marine  
  134  15:37  Marine  
  134  15:40  Liberator x2  
  142  15:45  Widow Mine x2  
  142  15:46  Marauder  
  148  15:54  Marine x5  
  148  15:55  Marauder  
  155  15:58  Marine x2  
  155  16:00  Supply Depot x2  
  157  16:07  Marine  
  157  16:08  Widow Mine x2  
  162  16:12  Marine x2  
  164  16:18  Barracks Reactor, Barracks Tech Lab  
  164  16:21  Marauder x2, Marine x4  
  164  16:22  Supply Depot  
  164  16:25  Marauder  
  174  16:30  Marine x2  
  174  16:31  Widow Mine x2  
  180  16:43  Marine x5  
  180  16:44  Marauder  
  180  16:46  Marauder  
  181  16:50  Marauder, Marine x2  
  139  16:54  Widow Mine x2  
  139  16:55  Liberator x2  
  139  17:01  Marauder x2, Marine x3  
  135  17:02  Marauder  
  135  17:05  Marauder  
  135  17:06  Marine  
  135  17:07  Marauder  
  135  17:08  Marine  
  150  17:11  Marine  
  150  17:12  Marauder  
  155  17:15  Widow Mine  
  155  17:19  Widow Mine, Marine x3  
  155  17:22  Marine  
  160  17:23  Marauder, Marine  
  160  17:24  Marauder  
  160  17:26  Marauder, Marine  
  160  17:29  Marauder  
  171  17:30  Marine  
  171  17:33  Supply Depot, Marauder  
  174  17:46  Marine x4  
  174  17:47  Marauder x2, Marine x2  
  174  17:48  Marauder  
  174  17:50  Marauder, Marine  
  175  17:54  Marine  
  121  18:04  Marine x5  
  121  18:05  Marauder  
  107  18:08  Marauder, Marine x2  
  107  18:09  Marauder, Widow Mine  
  107  18:10  Medivac  
  107  18:11  Marine  
  107  18:12  Marine  
  115  18:17  Medivac  
  115  18:18  Widow Mine  
  119  18:22  Marine x5  
  124  18:30  Widow Mine  
  124  18:32  Marauder, Marine x4  
  124  18:33  Marauder  
  134  18:35  Orbital Command  
  134  18:36  Marine  
  134  18:39  Widow Mine  
  134  18:40  Marine  
  134  18:41  Marine x3  
  138  18:43  Marine  
  138  18:46  Medivac  
  144  18:50  Medivac  
  144  18:51  Marine x2  
  144  18:52  Widow Mine  
  150  19:01  Marauder, Widow Mine, Marine x2  
  150  19:02  Marauder  
  156  19:08  Marauder  
  156  19:09  Marauder x2  
  162  19:13  Widow Mine  
  164  19:26  Widow Mine  
  164  19:28  Marine x2  
  164  19:29  Marauder x2  
  172  19:32  Marine x4  
  172  19:33  Marauder  
  172  19:34  Widow Mine  
  134  19:42  Marine  
  134  19:46  Marine x2  
  134  19:50  Marauder, Marine x3  
  139  19:53  Refinery  
  139  19:54  Refinery, Marine  
  139  19:55  Marine  
  139  19:56  Refinery  
  139  19:59  Refinery  
  141  20:00  Marauder  
  143  20:17  Widow Mine x2  
  143  20:18  Marauder, Marine x5  
  143  20:19  Marine  
  152  20:25  Marine x3  
  154  20:36  Sensor Tower  
  154  20:38  Marine x3  
  157  20:45  Marine x3  
  157  20:47  Orbital Command  
  157  20:49  Marauder  
  162  21:03  Marauder, Marine x4  
  141  21:21  Widow Mine x2  
  141  21:25  Marauder, Marine x4  
  91  21:36  Marine x2  
Tags
 
Add a new tag
Caveats
  • Supply blocks, unpowered buildings, or Contaminate may cause inaccurate times.
  • Supply counts are checked every 10 seconds.